AoeStats
← harooooo

Hideout

503255481Analyzed
4v4 RM · 1mo ago on Aug 30, 2026· 56m 53s· 8 players
Game mode
Random Map
Map size
Large (8 player)
Population
200
Speed
Normal
Resources
Standard
Victory
Conquest
Starting age
Dark Age
Ending age
Imperial Age
RankedLock teamsTeams togetherTeam positionsShared explorationLock speedFull tech treeHidden civsTurbo modeCheats
Victory
Defeat
🇭🇷 Koreans · Croatia
1559
+11
🇧🇦 Turks · Bosnia & Herzegovina
1535
+12
🇧🇦 Khitans · Bosnia & Herzegovina
1478
+14
🇧🇦 Poles · Bosnia & Herzegovina
1410
+17
🇺🇸 Cumans · United States
1563
-19
🇺🇸 Persians · United States
1462
-14
🇦🇹 Ethiopians · Austria
1416
-12
🇺🇸 Magyars · United States
1321
-9
Dirty_Squirrel
7:16 Loom
9:25 Feudal Age
11:34 Double-Bit Axe
14:51 Fletching
15:02 Padded Archer Armor
23:38 Castle Age
21:52 Gold Mining
23:55 Crossbowman
24:33 Bodkin Arrow
25:00 Leather Archer Armor
25:58 Thumb Ring
28:46 Horse Collar
32:37 Imperial Age
31:28 Bow Saw
31:42 Heavy Plow
32:38 Arbalester
34:23 Wheelbarrow
33:34 Town Watch
35:24 Chemistry
34:39 Arbalester
37:06 Bracer
39:29 Elite Skirmisher
42:34 Hand Cart
42:59 Ring Archer Armor
43:41 Halberdier
44:21 Squires
44:25 Scale Mail Armor
44:36 Forging
45:36 Ballistics
45:22 Siege Engineers
45:28 Masonry
45:43 Conscription
48:51 Fortified Wall
49:11 Architecture
48:44 Torsion Engines
50:20 Town Patrol
50:40 Chain Mail Armor
51:00 Iron Casting
54:30 Murder Holes
55:13 Caravan
[GG] Tongaboy
6:41 Loom
8:31 Feudal Age
9:29 Double-Bit Axe
13:17 Loom
15:57 Forging
22:28 Castle Age
21:20 Fletching
25:04 Bloodlines
28:53 Iron Casting
28:16 Bodkin Arrow
29:12 Wheelbarrow
29:20 Bow Saw
33:49 Imperial Age
32:09 Ballistics
32:39 Hand Cart
32:33 Gold Mining
33:22 Horse Collar
35:35 Chemistry
34:59 Conscription
38:39 Padded Archer Armor
39:23 Cuman Mercenaries
40:01 Pikeman
40:42 Squires
40:49 Scale Mail Armor
41:05 Leather Archer Armor
40:34 Halberdier
42:07 Chain Mail Armor
42:28 Iron Casting
45:04 Elite Kipchak
47:00 Caravan
47:59 Light Cavalry
49:14 Ring Archer Armor
48:50 Scale Barding Armor
49:45 Blast Furnace
52:13 Plate Mail Armor
52:17 Murder Holes
Karma
7:28 Loom
9:42 Feudal Age
11:35 Double-Bit Axe
13:27 Fletching
17:26 Horse Collar
23:40 Castle Age
23:52 Scale Barding Armor
24:47 Bloodlines
24:58 Chain Barding Armor
28:33 Husbandry
30:19 Heavy Plow
31:13 Wheelbarrow
34:27 Bow Saw
36:36 Gold Mining
36:37 Stone Mining
43:48 Imperial Age
43:25 Hand Cart
43:35 Chain Barding Armor
44:23 Cavalier
45:45 Plate Barding Armor
51:16 Two-Man Saw
52:02 Caravan
[GG] Trollermeister
9:06 Feudal Age
9:42 Double-Bit Axe
10:40 Horse Collar
15:03 Scale Barding Armor
16:43 Loom
17:35 Wheelbarrow
20:36 Castle Age
18:48 Gold Mining
19:42 Bloodlines
20:25 Forging
21:46 Chain Barding Armor
21:38 Bow Saw
24:18 Husbandry
25:39 Town Watch
26:59 Heavy Plow
30:44 Iron Casting
31:20 Hand Cart
35:51 Imperial Age
33:50 Stone Mining
36:45 Plate Barding Armor
35:37 Cavalier
37:20 Savar
39:05 Blast Furnace
38:27 Conscription
38:07 Capped Ram
39:57 Chemistry
42:21 Guilds
42:12 Caravan
43:24 Gold Shaft Mining
43:24 Stone Shaft Mining
45:35 Two-Man Saw
45:07 Crop Rotation
44:25 Heavy Camel Rider
46:02 Light Cavalry
48:49 Hussar
51:19 Siege Ram
Jimmy
8:34 Feudal Age
9:26 Double-Bit Axe
12:46 Loom
14:45 Fletching
23:37 Castle Age
22:15 Horse Collar
22:26 Gold Mining
24:14 Bodkin Arrow
23:55 Crossbowman
28:01 Wheelbarrow
28:59 Ballistics
29:51 Murder Holes
30:07 Masonry
30:36 Bow Saw
32:14 Stone Mining
33:57 Masonry
35:08 Town Watch
39:02 Imperial Age
37:53 Eupseong
37:39 Treadmill Crane
38:11 Fortified Wall
39:42 Bracer
40:44 Chemistry
40:15 Architecture
39:55 Elite War Wagon
40:49 Elite War Wagon
41:41 Pikeman
42:21 Squires
42:07 Arson
42:22 Scale Mail Armor
42:33 Forging
42:32 Elite War Wagon
42:55 Halberdier
43:51 Chain Mail Armor
43:23 Elite Skirmisher
44:48 Conscription
44:52 Thumb Ring
45:21 Thumb Ring
45:06 Arbalester
48:25 Hand Cart
48:31 Caravan
50:23 Guilds
51:40 Siege Engineers
52:40 Arrowslits
55:36 Shinkichon
Pitlja
7:11 Loom
10:06 Feudal Age
14:25 Castle Age
12:36 Double-Bit Axe
15:20 Bow Saw
14:54 Domestication
16:57 Husbandry
19:31 Scale Barding Armor
20:27 Forging
22:15 Wheelbarrow
25:31 Chain Barding Armor
26:40 Gold Mining
30:20 Iron Casting
34:55 Imperial Age
32:36 Pastoralism
32:25 Town Watch
32:55 Stone Mining
34:25 Hand Cart
35:12 Stone Shaft Mining
36:14 Plate Barding Armor
35:55 Elite Steppe Lancer
38:15 Two-Man Saw
37:37 Caravan
38:11 Ordo Cavalry
38:25 Light Cavalry
39:44 Transhumance
39:50 Guilds
39:58 Town Patrol
41:15 Heavy Camel Rider
41:56 Hussar
43:42 Coinage
47:48 Banking
49:39 Conscription
harooooo
10:33 Feudal Age
14:31 Castle Age
14:58 Loom
24:36 Double-Bit Axe
24:33 Horse Collar
30:15 Bow Saw
34:04 Wheelbarrow
37:12 Hand Cart
36:47 Town Watch
36:55 Gold Mining
37:09 Heavy Plow
41:10 Imperial Age
39:19 Gold Shaft Mining
39:15 Stone Mining
40:06 Treadmill Crane
40:36 Masonry
41:00 Scale Barding Armor
41:06 Forging
41:04 Caravan
41:49 Husbandry
41:59 Bloodlines
42:09 Chain Barding Armor
42:16 Conscription
42:14 Fortified Wall
42:22 Guilds
42:44 Coinage
42:04 Heavy Camel Rider
45:23 Plate Barding Armor
45:35 Architecture
45:00 Murder Holes
47:33 Iron Casting
48:47 Ballistics
48:18 Fletching
48:28 Padded Archer Armor
49:29 Blast Furnace
48:53 Devotion
49:55 Two-Man Saw
49:21 Sipahi
49:34 Bombard Tower
49:52 Bodkin Arrow
50:04 Thumb Ring
51:14 Hoardings
51:10 Banking
51:26 Bracer
53:23 Heavy Cavalry Archer
54:28 Parthian Tactics
53:46 Sappers
55:18 Leather Archer Armor
54:53 Capped Ram
BLKN Jasar
10:39 Feudal Age
11:29 Horse Collar
12:32 Loom
17:04 Castle Age
15:20 Double-Bit Axe
18:38 Fletching
24:30 Heavy Plow
24:43 Gold Mining
25:31 Stone Mining
27:14 Wheelbarrow
26:54 Bow Saw
28:07 Szlachta Privileges
28:34 Scale Barding Armor
28:29 Scale Mail Armor
28:42 Forging
29:16 Bloodlines
29:06 Husbandry
30:24 Hand Cart
29:54 Town Watch
31:22 Chain Barding Armor
32:18 Iron Casting
35:01 Imperial Age
34:06 Bodkin Arrow
34:12 Light Cavalry
35:06 Cavalier
36:50 Blast Furnace
36:22 Bracer
36:33 Winged Hussar
39:23 Lechitic Legacy
39:24 Conscription
40:41 Crop Rotation
39:40 Onager
43:05 Chemistry
47:19 Caravan
51:20 Capped Ram
Connection lost

Rejoining the realm…

Still unreachable

The connection could not be restored.

Session expired

The server has moved on; the page needs a fresh start.